cohdb
Replays
Latest Replays
All Replays
Popular Replays
Top Player Replays
Match Explorer
How It Works
Community
CoH3 Stats
Reddit
Sign in to upload your games and track your stats! →
Sign in with Steam
Match 45383135
Unlisted
Match 45383135
Overview
Messages
Build Orders
End
Construct Infanterie Kompanie
Pioneer Squad
Pioneer Squad
Selects Breakthrough Battlegroup
Selects Assault Grenadiers
Grenadier Squad
Grenadier Squad
Grenadier Squad
Construct Luftwaffe Kompanie
Selects Rapid Production
221 Scout Car
Jäger Squad
MG 42 Machine Gun Team
Medical Station
Support Elements
Selects Blitzkrieg
Selects Breakthrough
Breakthrough
Wirbelwind Flakpanzer
Wirbelwind Flakpanzer
Breakthrough
Wirbelwind Flakpanzer
Construct Panzer Kompanie
GrW 34 Mortar Team
Selects Tiger Heavy Tank
Tiger Heavy Tank
Wirbelwind Flakpanzer
Breakthrough
Pioneer Squad
Blitzkrieg
Jäger Squad
Breakthrough
咚咚锵个腿
Nostalgi@
0
0
Comments
sign in to comment!
No comments posted yet!